 Dungeon Crawl Stone Soup version 0.29.1-1-gd02db6906a (webtiles) character file.

Game seed: 5882391323359094440

27 Mune the Magician (level 3, 0/25 HPs)
             Began as a Djinni Fire Elementalist on Oct 14, 2022.
             Slain by a gnoll
             ... wielding a +0 club
              (2 damage)
             ... on level 2 of the Dungeon.
             The game lasted 00:05:17 (585 turns).

Mune the Magician (Djinni Fire Elementalist)         Turns: 585, Time: 00:05:17

Health: 0/25       AC:  3    Str:  7    XL:     3   Next: 25%
Gold:   49         EV: 12    Int: 18    God:
                   SH:  0    Dex: 13

rFire   + + .      SeeInvis .   (no weapon)
rCold   x . .      Faith    .   (no shield)
rNeg    . . .      Spirit   .   a - +0 robe
rPois   ∞          Reflect  .   j - +0 helmet
rElec   .          Harm     .   (no cloak)
rCorr   .          Rampage  .   (no gloves)
Will    .....                   (boots unavailable)
Stlth   ++........              (no amulet)
HPRegen 0.08/turn               (no ring)
MPRegen 0.00/turn               (no ring)

@: flying, hasted, very quick
A: sickness immunity, fire resistance 2, cold vulnerability 1, float, innate
caster, HP casting, extra vitality 1
a: no special abilities


You were on level 2 of the Dungeon.
You visited 1 branch of the dungeon, and saw 2 of its levels.

You collected 49 gold pieces.

Inventory:

Hand Weapons
 c - a +0 dagger
 e - a +0 sling
Armour
 a - a +0 robe (worn)
 d - a +0 ring mail
 f - a +0 ring mail
 j - a +0 helmet (worn)
Potions
 b - 2 potions of flight {unknown}
 i - a potion of brilliance {unknown}
 k - a potion of cancellation {unknown}


   Skills:
 + Level 2.4 Dodging
 + Level 1.8 Stealth
 + Level 3.1 Spellcasting


You couldn't memorise any spells.
You knew the following spells:

 Your Spells              Type           Power      Damage    Failure   Level
a - Foxfire               Conj/Fire      56%        2x1d6     4%          1
b - Scorch                Fire           28%        2d6       7%          2
c - Conjure Flame         Conj/Fire      14%        6-21      14%         3
d - Inner Flame           Hex/Fire       14%        N/A       14%         3
e - Flame Wave            Conj/Fire      14%        2d6       41%         4
f - Slow                  Hex            56%        N/A       4%          1
Your spell library was empty.

Dungeon Overview and Level Annotations

Branches:
Dungeon (2/15)

Altars:


Innate Abilities, Weirdness & Mutations

You are immune to sickness and miasma.
You are immune to poison.
Your flesh is very heat resistant. (rF++)
You are vulnerable to cold. (rC-)
You float through the air rather than walking.
You learn spells naturally, not from books.
Your magical power is your life essence.
You have superior vitality. (+4 MHP)


Message History

Your experience leads to an increase in your attributes!
Increase (S)trength, (I)ntelligence, or (D)exterity?
You feel clever. x2
The power to cast Slow wells up from within.
Spell assigned to 'f'.
Unknown command.
Unknown command.
Throw: 2 darts (poison)
Press: ? - help, Q - select action, (/) - cycle Shift-Dir - straight line, f - gnoll
Aim: a gnoll, wielding a +0 club (60% to hit)
You throw a poisoned dart. The poisoned dart hits the gnoll.
The gnoll is poisoned.
Throw: dart (poison)
Press: ? - help, Q - select action, (/) - cycle Shift-Dir - straight line, f/p - gnoll
Aim: a gnoll, wielding a +0 club (poisoned, 60% to hit)
You throw a poisoned dart.
The poisoned dart closely misses the gnoll.
Casting: Scorch (safe; 7% risk of failure)
Confirm with . or Enter, or press ? or * to list all spells.
Flames lash the gnoll.
The gnoll is severely wounded.
The gnoll's fire resistance burns away.
Casting: Scorch (safe; 7% risk of failure)
Confirm with . or Enter, or press ? or * to list all spells.
Flames lash the rat.
You kill the rat!
The gnoll hits you with a +0 club!
* * * LOW HITPOINT WARNING * * *
Casting: Scorch (safe; 7% risk of failure)
Confirm with . or Enter, or press ? or * to list all spells.
You don't know that spell.
Casting: Scorch (safe; 7% risk of failure)
Confirm with . or Enter, or press ? or * to list all spells.
You don't have enough health to cast this spell.
Casting: Scorch (safe; 7% risk of failure)
Confirm with . or Enter, or press ? or * to list all spells.
You don't have enough health to cast this spell.
It was a potion of haste.
You feel yourself speed up. The gnoll hits you with a +0 club.
You die...

#.# #†###.#.#
#######.#####.#
#
...........##.#
.######.##.##.#
### #.#.$....
...#.#...###
.####.#.#....###
.........g#.....
..####.$@g)†...#
....?.......(...
..####......$..#
#..#.....##
#..#...!.#
#..#.....#
#..#.......
#..##....##


You could see 2 gnolls.

Vanquished Creatures
  A gnoll (D:2)
  4 bats (D:1)
  2 endoplasms (D:1)
  2 hobgoblins
  4 ball pythons (D:1)
  A frilled lizard (D:1)
  A goblin (D:1)
  A kobold (D:1)
  A rat (D:2)
17 creatures vanquished.

Vanquished Creatures (others)
  20 foxfires (D:1)
20 creatures vanquished.

Grand Total: 37 creatures vanquished

Notes
Turn   | Place    | Note
-------+----------+-------------------------------------------
     0 | D:1      | Mune the Djinni Fire Elementalist began the quest for the
                  | Orb.
     0 | D:1      | Mune set off with the following spells memorised: Foxfire,
                  | Scorch, Conjure Flame, Inner Flame, Flame Wave.
     0 | D:1      | Reached XP level 1. HP: 15/15 MP: 0/0
   119 | D:1      | Reached XP level 2. HP: 5/21 MP: 0/0
   581 | D:2      | Reached skill level 3 in Spellcasting
   581 | D:2      | Reached XP level 3. HP: 12/25 MP: 0/0
   581 | D:2      | Learned a level 1 spell: Slow
   585 | D:2      | Slain by a gnoll

Illustrated notes

Levels and vault maps discovered:
D:1:      scummos_arrival_hexagon, layout_basic, ebering_ecumenical_altar_hall,
          minivault_23
D:2:      layout_loops_ring, basic_altar, minmay_misc_feat_nine_boxes

Skill      XL: |  1  2 |
---------------+-------+-----
Spellcasting   | 3 |  3.1
Dodging        | |  2.4
Stealth        | |  1.8

Action                   || total
-------------------------++-------
Throw: Dart              ||     2
 Cast: Foxfire           ||    12
       Scorch            ||    14
  Use: Potion            ||     1
Armor: Robe              ||     2
Dodge: Dodged            ||    12
